 Dungeon Crawl Stone Soup version 0.24.0 (webtiles) character file.

Game seed: 11143850362659146098, levelgen mode: deterministic

53 RonnieColeman the Conjurer (level 3, 0/31 HPs)
             Began as an Octopode Conjurer on Jan 20, 2020.
             Slain by a leopard gecko (3 damage)
             ... on level 2 of the Dungeon.
             The game lasted 00:03:44 (1219 turns).

RonnieColeman the Conjurer (Octopode Conjurer)      Turns: 1219, Time: 00:03:45

Health: 0/31       AC: 21    Str:  7    XL:     3   Next: 87%
Magic:  2/7        EV:  2    Int: 18    God:
Gold:   82         SH:  0    Dex: 12    Spells: 7/8 levels left

rFire    . . .     SeeInvis .   e - +1 dagger (venom)
rCold    . . .     Gourm    .   (no shield)
rNeg     + + +     Faith    .   (helmet currently unavailable)
rPois    +         Spirit   .   (no amulet)
rElec    .         Reflect  .   (no ring)
rCorr    .         Harm     .   (no ring)
MR       .....     NoTele   +   (no ring)
Stlth    ++........             (no ring)
HPRegen  0.10/turn              (no ring)
MPRegen  0.10/turn              (no ring)
                                (no ring)
                                (no ring)

@: lethally poisoned (0 -> -3), tree-form, very slightly contaminated, hasted,
very quick
A: almost no armour, stealthy swim, (amphibious), 8 rings, (constrict 8)
a: no special abilities


You were on level 2 of the Dungeon.
You were not hungry.
You were a tree.
You visited 1 branch of the dungeon, and saw 2 of its levels.

You collected 82 gold pieces.

Inventory:

Hand Weapons
 d - a +0 short sword
 e - a +1 dagger of venom (weapon)
Scrolls
 a - 3 scrolls of identify {unknown}
 g - a scroll of enchant weapon {unknown}
Potions
 c - a potion of haste
Comestibles
 b - 2 rations
 h - 2 chunks of flesh


   Skills:
 - Level 2.0 Dodging
 - Level 2.6 Stealth
 * Level 3.3 Spellcasting
 + Level 4.4 Conjurations


You had 7 spell levels left.
You knew the following spells:

 Your Spells              Type           Power        Failure   Level  Hunger
a - Magic Dart            Conj           ###.         2%          1    None

Your spell library contained the following spells:

 Spells                   Type           Power        Failure   Level  Hunger
 Searing Ray              Conj           ###...       3%          2    ##.....
 Dazzling Spray           Conj/Hex       ##....       19%         3    ###....
 Iskenderun's Mystic Bla  Conj           ###.....     26%         4    ####...
 Force Lance              Conj/Tloc      ##......     54%         4    ####...
 Fulminant Prism          Conj/Hex       ##........   54%         4    ####...


Dungeon Overview and Level Annotations

Branches:
Dungeon (2/15)

Altars:


Innate Abilities, Weirdness & Mutations

You cannot wear most types of armour.
You are very stealthy in the water. (Stealth+)
((You are amphibious.))
You can wear up to eight rings at the same time.
((You can use your tentacles to constrict eight enemies at once.))
((Your skin changes colour to match your surroundings (Stealth+).))
((Your rubbery body absorbs attacks. (AC +1, EV +1)))


Message History

* * * LOW HITPOINT WARNING * * *
You are lethally poisoned!
The adder poisons you!
It was a potion of haste.
You feel yourself speed up.
* * * LOW HITPOINT WARNING * * *
You feel sick.
The leopard gecko bites you but does no damage.
The adder bites you.
* * * LOW HITPOINT WARNING * * *
Okay, then.
* * * LOW HITPOINT WARNING * * *
You feel sick.
* * * LOW HITPOINT WARNING * * *
You feel sick.
There is a stone staircase leading up here.
It was a potion of lignification.
You turn into a tree.
Your roots penetrate the ground.
You cannot move.
You barely miss the leopard gecko. The leopard gecko bites you.
You die...

###. ###.# .. ... ...# ...
##+#.##### #..# ....
.........# ..#####....
$....†...########..........
..........................
##.#.#....w...........# #
#.#..####...S.#..#.#
#.#..####...l♣##.#.#
#.#....##.....##...#
#.#....##.....###..#
.#.#....##.....###..#######
.........'.....+...........
..#.......#.....####.######
#.......#....[# #..#
#....>..#####.#####.#######.##
#.#..#####....................


You could see a worm, an adder and a leopard gecko.

Vanquished Creatures
  An adder (D:2)
  An ooze (D:1)
  A worm (D:2)
  2 dart slugs (D:1)
  A leopard gecko (D:1)
  5 bats
  A giant cockroach (D:1)
  4 hobgoblins
  A ball python (D:1)
  A frilled lizard (D:1)
  6 goblins (D:1)
  7 kobolds
  A rat (D:2)
32 creatures vanquished.

Notes
Turn   | Place    | Note
-------+----------+-------------------------------------------
     0 | D:1      | RonnieColeman the Octopode Conjurer began the quest for the
                  | Orb.
     0 | D:1      | Reached XP level 1. HP: 11/11 MP: 3/3
   166 | D:1      | Reached XP level 2. HP: 7/17 MP: 0/5
   632 | D:1      | Reached XP level 3. HP: 21/21 MP: 5/7
  1217 | D:2      | HP: 1/21 [poisoned by an adder]
  1219 | D:2      | Slain by a leopard gecko

Levels and vault maps discovered:
D:1:      dpeg_arrival_three_same_balls, layout_basic
D:2:      layout_basic, nicolae_overflow_hidden_temple, st_stairs_12,
          chequers_serial_rivers_micro_d
